 Dungeon Crawl Stone Soup version 0.18.1-50-g88ac8fd (webtiles) character file.

1624 Huivn the Covered (level 9, -25/68 HPs)
             Began as a Human Fighter on Oct 24, 2016.
             Was an Initiate of Gozag.
             Killed from afar by Erolcha (28 damage)
             ... with a bolt of lightning
             ... on level 8 of the Dungeon.
             The game lasted 01:18:54 (7942 turns).

Huivn the Covered (Human Fighter)                   Turns: 7942, Time: 01:18:55

Health: -25/68     AC: 16    Str: 19    XL:     9   Next: 17%
Magic:  9/9        EV: 10    Int: 10    God:    Gozag
Gold:   376        SH: 10    Dex: 12    Spells: 0 memorised, 8 levels left

rFire  . . .     SeeInvis .     a - +1 long sword
rCold  + . .     Gourm    .     b - +1 scale mail
rNeg   . . .     Faith    .     c - +0 shield
rPois  .         Spirit   .     (no helmet)
rElec  .         Dismiss  .     y - +1 cloak
rCorr  .         Reflect  .     k - +2 pair of gloves
SustAt .         Harm     .     i - +1 pair of boots
MR     +....                    (no amulet)
Stlth  ..........               f - ring of protection from magic
                                A - ring of protection from cold

@: very slightly contaminated, somewhat resistant to hostile enchantments,
extremely unstealthy
A: no striking features
a: Potion Petition, Call Merchant, Bribe Branch, Renounce Religion


You were on level 8 of the Dungeon.
You worshipped Gozag.
Gozag was noncommittal.
You were not hungry.

You visited 2 branches of the dungeon, and saw 8 of its levels.

You collected 431 gold pieces.
You paid 55 gold pieces to Gozag.

Inventory:

Hand Weapons
 a - a +1 long sword (weapon)
 e - a +2 dagger of draining
 t - a +2 dagger of freezing
 v - a +0 dagger of draining
 x - a +3 quarterstaff of chaos
 F - a +3 vampiric whip
 H - a +0 war axe of chopping
Missiles
 z - 7 tomahawks (quivered)
Armour
 b - a +1 scale mail (worn)
 c - a +0 shield (worn)
 i - a +1 pair of boots (worn)
 k - a +2 pair of gloves (worn)
 o - a +0 large shield
 y - a +1 cloak (worn)
Jewellery
 f - a ring of protection from magic (right hand)
 A - a ring of protection from cold (left hand)
 E - an uncursed ring of stealth
Wands
 w - a wand of digging (18/24)
 B - a wand of confusion (37/48)
Scrolls
 l - 2 scrolls of fear
 m - 3 scrolls of teleportation
 q - a scroll of magic mapping
 r - 3 scrolls of remove curse
 s - a scroll of fog
 u - a scroll of blinking
 D - a scroll of recharging
 G - a scroll of enchant weapon
 I - a scroll of noise
 J - a scroll of amnesia
 L - 2 scrolls of identify
Potions
 d - 3 potions of might
 p - 2 potions of magic
 K - a potion of curing
Books
 N - a book of the Earth

   Spells                             Type                      Level
   a - Leda's Liquefaction            Hexes/Earth                  4
   b - Bolt of Magma                  Conjuration/Fire/Earth       5
   c - Statue Form                    Transmutation/Earth          6
   d - Iron Shot                      Conjuration/Earth            6
   e - Shatter                        Earth                        9
Comestibles
 g - 2 fruits
 h - 2 bread rations
 n - a royal jelly
 M - a beef jerky


   Skills:
 + Level 5.2 Fighting
 + Level 4.8 Long Blades
 + Level 1.4 Throwing
 + Level 5.9 Armour
 + Level 4.7 Dodging
 + Level 1.0 Stealth
 + Level 5.8 Shields


You had 8 spell levels left.
You didn't know any spells.

Dungeon Overview and Level Annotations

Branches:
Dungeon (6/15)             Temple (1/1) D:5

Altars:
Ashenzari
Cheibriados
Dithmenos
Elyvilon
Fedhas
Gozag
Kikubaaqudgha
Makhleb
Nemelex Xobeh
Okawaru
Pakellas
Qazlal
Ru
Vehumet
Xom
Yredelemnul
Zin
The Shining One

Annotations:
D:8 Erolcha


Message History

Erolcha is no longer moving quickly.
Erolcha gestures at you while chanting. The bolt of lightning misses you.
Erolcha points at you and mumbles some strange words.
You resist with almost no effort.
Your extra speed is starting to run out.
You feel yourself slow down.
You start resting.
Erolcha casts a spell at you. The magic dart hits you!
Erolcha casts a spell at you. The bolt of lightning hits you!
* * * LOW HITPOINT WARNING * * *
Erolcha gestures at you while chanting. You resist with almost no effort.
Erolcha screams, "Stand!
Erolcha hit you!"
Erolcha points at you and mumbles some strange words.
The bolt of lightning hits you!
You die...
Your body crumbles into a pile of gold.

..## ####.......##
..####...........##
..................##
#..................##
#..........O........##
#...................(#
##...................##
#.................(..##
#.##...........@......#
#.#####................
### #############..##
###


You could see Erolcha.

Vanquished Creatures
  An ice beast (D:5)
  A sky beast (D:5)
  A phantom (D:5)
  4 ogres
  4 scorpions
  3 crimson imps
  2 hounds (D:6)
  A centaur skeleton (D:8)
  Crazy Yiuf (D:3)
  4 jellies
  Jessica (D:3)
  An iguana (D:6)
  4 orc wizards
  2 worker ants
  3 hound zombies (D:5)
  6 adders
  7 oozes (D:1)
  An adder skeleton (D:4)
  A worm (D:6)
  4 dart slugs
  A giant gecko (D:4)
  25 orcs
  4 ball pythons
  8 giant cockroaches
  7 hobgoblins
  6 jackals
  10 kobolds
  13 bats
  A giant gecko skeleton (D:4)
  5 giant newts
  8 goblins
  7 rats
147 creatures vanquished.

Vanquished Creatures (others)
  A rat (D:2)
1 creature vanquished.

Grand Total: 148 creatures vanquished

Notes
Turn   | Place    | Note
--------------------------------------------------------------
     0 | D:1      | Huivn the Human Fighter began the quest for the Orb.
     0 | D:1      | Reached XP level 1. HP: 18/18 MP: 1/1
     1 | D:1      | Found a runed door.
    65 | D:1      | Reached XP level 2. HP: 24/24 MP: 2/2
   679 | D:1      | Reached XP level 3. HP: 29/29 MP: 3/3
  1112 | D:1      | Reached XP level 4. HP: 17/36 MP: 4/4
  1194 | D:1      | Reached skill level 1 in Dodging
  1194 | D:1      | Reached XP level 5. HP: 12/41 MP: 5/5
  1903 | D:2      | Found a stormy altar of Qazlal.
  2102 | D:2      | Found a shimmering altar of Xom.
  2364 | D:3      | Noticed Jessica
  2389 | D:3      | Killed Jessica
  2389 | D:3      | Reached XP level 6. HP: 39/48 MP: 6/6
  2448 | D:3      | Found a shadowy altar of Dithmenos.
  2551 | D:3      | Reached skill level 1 in Throwing
  2668 | D:3      | Noticed Crazy Yiuf
  2675 | D:3      | Killed Crazy Yiuf
  2982 | D:3      | Noticed an ogre
  2990 | D:3      | Killed an ogre
  3571 | D:4      | Reached XP level 7. HP: 40/54 MP: 7/7
  4072 | D:4      | Found a sacrificial altar of Ru.
  4112 | D:4      | Found a snail-covered altar of Cheibriados.
  5036 | D:4      | Reached XP level 8. HP: 45/61 MP: 8/8
  5660 | D:5      | Entered Level 5 of the Dungeon
  5660 | D:5      | Found an opulent altar of Gozag.
  5674 | D:5      | Became a worshipper of Gozag Ym Sagoz the Greedy
  5808 | D:5      | Found an oddly glowing altar of Pakellas.
  5828 | D:5      | Reached skill level 5 in Shields
  5878 | D:5      | Found a sand-covered staircase.
  6044 | D:5      | Reached skill level 5 in Armour
  6128 | D:5      | Reached skill level 1 in Stealth
  6423 | D:5      | Found a staircase to the Ecumenical Temple.
  6432 | Temple   | Entered the Ecumenical Temple
  7193 | D:5      | Found a glowing golden altar of the Shining One.
  7467 | D:6      | Reached skill level 5 in Fighting
  7481 | D:6      | Reached XP level 9. HP: 37/68 MP: 9/9
  7755 | D:6      | You fall through a shaft for 2 floors!
  7867 | D:8      | Noticed Erolcha
  7938 | D:8      | HP: 2/68 [Erolcha/bolt of lightning (20)]
  7942 | D:8      | Killed from afar by Erolcha

Skill      XL: |  1  2  3  4  5  6  7  8 |
---------------+-------------------------+-----
Dodging        | 1 2 3 4 |  4.7
Shields        | 4 5 |  5.8
Throwing       | 1 |  1.4
Fighting       | 4 5 |  5.2
Long Blades    | 3 4 |  4.8
Armour         | 4 5 |  5.9
Stealth        | 1 |  1.0

Action                   |  1- 3 |  4- 6 |  7- 9 || total
-------------------------+-------+-------+-------++-------
Melee: Long sword        |   103 |   213 |   331 ||   647
Throw: Stone             |       |    20 |       ||    20
       Tomahawk          |       |       |     6 ||     6
  Use: Scroll            |     7 |     9 |     6 ||    22
       Potion            |     3 |     3 |     4 ||    10
  Eat: Bread ration      |     1 |       |     1 ||     2
       Beef jerky        |       |     1 |       ||     1
       Chunk             |       |     2 |     1 ||     3
       Fruit             |       |     1 |     2 ||     3
       Meat ration       |       |       |     2 ||     2
Armor: Scale mail        |    49 |   148 |   154 ||   351
Dodge: Dodged            |    28 |   116 |   103 ||   247
Block: Shield            |    48 |   161 |   147 ||   356
